 Dungeon Crawl Stone Soup version 0.30.1-11-g7821555f0a (webtiles) character file.

Game seed: 10581915077515367045

6 comborobin the Sneak (level 1, -2/19 HPs)
             Began as a Hill Orc Delver on Dec 23, 2023.
             Frozen to death by an endoplasm (3 damage)
             ... on level 4 of the Dungeon.
             The game lasted 00:00:21 (198 turns).

comborobin the Sneak (Hill Orc Delver)               Turns: 198, Time: 00:00:22

Health: -2/19      AC:  3    Str: 14    XL:     1   Next: 90%
Magic:  1/1        EV: 11    Int: 10    God:
Gold:   27         SH:  0    Dex: 12    Spells: 0/0 levels left

rFire   . . .        a - +0 hand axe
rCold   . . .        (no shield)
rNeg    . . .        b - +0 leather armour
rPois   .            (no helmet)
rElec   .            (no cloak)
rCorr   .            (no gloves)
SInv    .            (no boots)
Will    .....        (no amulet)
Stlth   ++           (no ring)
HPRegen 0.23/turn    (no ring)
MPRegen 0.07/turn

%: no passive effects
@: no status effects
A: no striking features
a: no special abilities


You were on level 4 of the Dungeon.
You visited 1 branch of the dungeon, and saw 4 of its levels.

You collected 27 gold pieces.

Inventory:

Hand Weapons
 a - a +0 hand axe (weapon)
Armour
 b - a +0 leather armour (worn)
Wands
 g - a wand of digging (3)
Scrolls
 c - a scroll of fog
 e - a scroll of fear
 h - a scroll of teleportation {unknown}
Potions
 f - a potion of haste


   Skills:
 - Level 3.6 Fighting
 + Level 3.5 Axes
 - Level 1.5 Dodging
 - Level 4.1 Stealth


You couldn't memorise any spells.
You didn't know any spells.
Your spell library was empty.

Dungeon Overview and Level Annotations

Branches:
Dungeon (7/15)
 Temple: D:4-7

Altars:

Annotations:
D:4 1 runed translucent door, comborobin's ghost, amateur FoDe


Message History

The adder poisons you!
You closely miss the adder.
You feel sick. The adder barely misses you.
You hit the adder.
The adder is heavily wounded.
You hit the endoplasm but do no damage.
You feel sick. The adder closely misses you. The endoplasm hits you.
The adder barely misses you.
You hit the adder.
The adder is severely wounded.
You hit the endoplasm but do no damage.
You feel sick. The endoplasm freezes you.
You are frozen.
The adder bites you but does no damage.
You closely miss the adder.
The adder is severely wounded.
You hit the endoplasm.
You feel sick.
You are no longer poisoned.
The adder bites you but does no damage. The endoplasm freezes you.
You are frozen.
The adder bites you but does no damage. The endoplasm barely misses you.
You closely miss the adder.
The adder is severely wounded.
You hit the endoplasm. The adder bites you.
* * * LOW HITPOINT WARNING * * *
The endoplasm barely misses you.
Unknown command.
You barely miss the adder.
The adder is severely wounded.
You hit the endoplasm. The adder bites you.
* * * LOW HITPOINT WARNING * * *
The endoplasm freezes you.
You are frozen.
* * * LOW HITPOINT WARNING * * *
The adder bites you but does no damage.
You hit the adder.
You kill the adder!
You hit the endoplasm but do no damage. The endoplasm freezes you.
You are frozen.
You die...

######## ......##
......### .......
. .....###.. ##
......... ..
#........ #.
##@)....# #.
#..J.##.#. ###
#.##....##... ....
#.#..........
.....#..$#........
........##........
......#.##........
......#.##>.......
..... #.#........#


You could see an endoplasm.

Vanquished Creatures
  An adder (D:4)
  An ufetubus (D:6)
  A goblin (D:4)
3 creatures vanquished.

Notes
Turn   | Place    | Note
-------+----------+-------------------------------------------
     0 | D:5      | comborobin the Hill Orc Delver began the quest for the Orb.
     0 | D:5      | Reached XP level 1. HP: 19/19 MP: 1/1
     7 | D:7      | Noticed a bullfrog
   165 | D:5      | Noticed an iguana
   173 | D:4      | Noticed comborobin's ghost (amateur FoDe)
   173 | D:4      | Found a runed translucent door.
   198 | D:4      | Frozen to death by an endoplasm

Illustrated notes

Levels and vault maps discovered:
D:4:      layout_rooms, gammafunk_temple_overflow_forgotten,
          gammafunk_ghost_grave
D:5:      layout_basic, mainiacjoe_overflow_surrounded_room,
          worldfamousw_hep_ancestral_shrine
D:6:      layout_loops_ring
D:7:      layout_cave_pools, minmay_temple_entry_trees, uniq_joseph

Skill      XL: |  1 |
---------------+----+-----
Axes           | 3 |  3.5
Fighting       | |  3.6
Dodging        | |  1.5
Stealth        | |  4.1

Action                     || total
---------------------------++-------
  Melee: Hand axe          ||    15
    Use: Scroll            ||     1
 Armour: Leather armour    ||     7
  Dodge: Dodged            ||    11
